[ PARTIDA AOE2 · #488229463 ]
UnrankedBengalíes vs Chinese
Equipo del jugador · DERR
Equipo rival · VICT
[ ANÁLISIS DE REPETICIÓN · EXTRAÍDO DE LA PARTIDA GRABADA ]
Feudal
10:31
Castillos
14:34
Imperial
—
| APM promedio | 53.9 |
| APM pico | 110 |
| eAPM promedio | 26.0 |
| Aldeanos / militares | 43 / 65 |
Foco
⚔️ 53.6% · 🌾 46.4%
Monk ×46 · Spearman ×14 · Militia ×5
Feudal
9:10
Castillos
—
Imperial
—
| APM promedio | 75.7 |
| APM pico | 111 |
| eAPM promedio | 45.0 |
| Aldeanos / militares | 69 / 91 |
Foco
⚔️ 66.9% · 🌾 33.1%
Scout Cavalry ×59 · Archer ×25 · Militia ×7
Mapa de la partida
Recursos iniciales + cada clic de construcción. Líneas = muros · curvas = relieve. ◆ oro · ⬟ piedra · ● bayas · ✦ reliquia · ◌ hueco del cierre
Tu base· Abierta — flanco sin cerrar
Base de TAG_Sitaux· Abierta — flanco sin cerrar
Terreno inicial suavizado · ◌ = hueco del cierre detectado · pasá el cursor para detalles
Inputs por minuto
— Dr. Wiley!!! - - TAG_Sitaux
Build order — Dr. Wiley!!!
Primeras 150 de 172 acciones detectadas
| 0:00 | Crear | Villager (Male) |
| 0:02 | Construir | House |
| 0:04 | Construir | House |
| 0:08 | Crear | Villager (Male) |
| 0:10 | Crear | Villager (Male) |
| 0:16 | Crear | Villager (Male) |
| 1:11 | Crear | Villager (Male) |
| 1:55 | Crear | Villager (Male) |
| 2:22 | Crear | Villager (Male) |
| 2:23 | Construir | Lumber Camp |
| 2:28 | Crear | Villager (Male) |
| 3:01 | Crear | Villager (Male) |
| 3:05 | Crear | Villager (Male) |
| 3:36 | Crear | Villager (Male) |
| 3:44 | Construir | House |
| 3:45 | Construir | House |
| 3:50 | Crear | Villager (Male) |
| 4:37 | Construir | Palisade Wall |
| 4:40 | Crear | Villager (Male) |
| 4:50 | Construir | Palisade Wall |
| 4:56 | Crear | Villager (Male) |
| 5:15 | Crear | Villager (Male) |
| 5:29 | Crear | Villager (Male) |
| 5:38 | Construir | Mill |
| 5:42 | Crear | Villager (Male) |
| 5:50 | Crear | Villager (Male) |
| 6:12 | Construir | Palisade Wall |
| 6:17 | Construir | Palisade Wall |
| 7:13 | Construir | Palisade Wall |
| 7:17 | Construir | Palisade Wall |
| 7:23 | Crear | Villager (Male) |
| 7:33 | Investigar | Loom |
| 7:59 | Construir | House |
| 8:01 | Investigar | Feudal Age |
| 8:57 | Crear | Villager (Male) |
| 8:57 | Crear | Villager (Male) |
| 9:30 | Crear | Villager (Male) |
| 10:31 | Edad | Edad Feudal |
| 10:43 | Construir | Blacksmith |
| 11:01 | Construir | Market |
| 11:05 | Construir | Palisade Wall |
| 11:06 | Construir | Palisade Wall |
| 11:20 | Crear | Villager (Male) |
| 11:43 | Construir | Mining Camp |
| 11:54 | Investigar | Castle Age |
| 12:07 | Construir | House |
| 12:14 | Construir | Palisade Wall |
| 12:50 | Construir | Palisade Wall |
| 12:54 | Construir | Farm |
| 12:57 | Construir | Farm |
| 13:00 | Construir | Farm |
| 13:09 | Crear | Villager (Male) |
| 13:30 | Construir | House |
| 13:31 | Construir | House |
| 13:46 | Construir | Farm |
| 13:50 | Investigar | Double-Bit Axe |
| 14:34 | Edad | Edad de los Castillos |
| 14:36 | Construir | Monastery |
| 14:40 | Construir | Monastery |
| 14:49 | Construir | Monastery |
| 14:55 | Crear | Villager (Male) |
| 15:04 | Construir | Farm |
| 15:19 | Crear | Monk |
| 15:20 | Crear | Monk |
| 15:22 | Crear | Monk |
| 15:32 | Crear | Monk |
| 15:37 | Crear | Villager (Male) |
| 15:48 | Crear | Monk |
| 15:52 | Construir | Monastery |
| 15:55 | Construir | Monastery |
| 15:58 | Crear | Monk |
| 16:08 | Construir | Mining Camp |
| 16:14 | Crear | Monk |
| 16:29 | Crear | Villager (Male) |
| 16:36 | Investigar | Sanctity |
| 16:42 | Crear | Villager (Male) |
| 17:08 | Crear | Monk |
| 17:20 | Crear | Monk |
| 17:21 | Crear | Villager (Male) |
| 17:35 | Construir | Farm |
| 17:35 | Construir | Farm |
| 17:35 | Construir | Farm |
| 17:36 | Construir | Farm |
| 17:37 | Crear | Monk |
| 17:43 | Construir | House |
| 18:03 | Crear | Monk |
| 18:04 | Crear | Monk |
| 18:06 | Crear | Villager (Male) |
| 18:06 | Crear | Villager (Male) |
| 18:10 | Construir | Monastery |
| 18:30 | Crear | Monk |
| 18:30 | Crear | Monk |
| 18:44 | Crear | Villager (Male) |
| 18:48 | Crear | Monk |
| 18:48 | Crear | Monk |
| 19:00 | Construir | Mining Camp |
| 19:08 | Crear | Villager (Male) |
| 19:10 | Crear | Villager (Male) |
| 19:14 | Construir | Farm |
| 19:17 | Crear | Monk |
| 19:17 | Crear | Monk |
| 19:19 | Construir | Farm |
| 19:26 | Crear | Monk |
| 19:26 | Crear | Monk |
| 19:41 | Crear | Monk |
| 19:45 | Construir | House |
| 19:46 | Construir | House |
| 19:53 | Crear | Villager (Male) |
| 20:03 | Crear | Monk |
| 20:03 | Crear | Monk |
| 20:20 | Crear | Monk |
| 20:22 | Crear | Villager (Male) |
| 20:32 | Crear | Monk |
| 20:32 | Crear | Monk |
| 20:33 | Crear | Villager (Male) |
| 20:39 | Crear | Villager (Male) |
| 20:43 | Crear | Villager (Male) |
| 20:47 | Construir | Barracks |
| 21:08 | Crear | Monk |
| 21:08 | Crear | Monk |
| 21:13 | Crear | Monk |
| 21:27 | Crear | Monk |
| 21:38 | Construir | Barracks |
| 21:44 | Investigar | Pikeman (upgrade) |
| 21:45 | Crear | Spearman |
| 21:53 | Crear | Villager (Male) |
| 22:17 | Crear | Spearman |
| 22:24 | Crear | Militia |
| 22:32 | Crear | Monk |
| 22:32 | Crear | Monk |
| 22:37 | Construir | Palisade Wall |
| 22:40 | Construir | Palisade Wall |
| 22:49 | Construir | House |
| 22:55 | Crear | Monk |
| 22:56 | Crear | Monk |
| 23:00 | Construir | House |
| 23:38 | Crear | Spearman |
| 23:39 | Crear | Villager (Male) |
| 23:40 | Crear | Monk |
| 23:41 | Crear | Monk |
| 23:41 | Crear | Monk |
| 23:44 | Construir | House |
| 24:07 | Crear | Spearman |
| 24:21 | Crear | Militia |
| 24:22 | Crear | Militia |
| 24:22 | Crear | Militia |
| 24:26 | Crear | Spearman |
| 24:26 | Crear | Spearman |
| 24:26 | Crear | Spearman |
| 24:36 | Crear | Monk |
Build order — TAG_Sitaux
Primeras 150 de 255 acciones detectadas
| 0:03 | Investigar | Loom |
| 0:44 | Crear | Villager (Male) |
| 1:09 | Crear | Villager (Male) |
| 1:10 | Crear | Villager (Male) |
| 1:34 | Crear | Villager (Male) |
| 1:49 | Construir | Lumber Camp |
| 1:56 | Crear | Villager (Male) |
| 2:20 | Crear | Villager (Male) |
| 2:21 | Crear | Villager (Male) |
| 2:41 | Crear | Villager (Male) |
| 2:54 | Construir | House |
| 3:10 | Crear | Villager (Male) |
| 3:29 | Crear | Villager (Male) |
| 3:43 | Crear | Villager (Male) |
| 3:43 | Crear | Villager (Male) |
| 4:16 | Crear | Villager (Male) |
| 4:38 | Crear | Villager (Male) |
| 4:45 | Crear | Villager (Male) |
| 4:45 | Crear | Villager (Male) |
| 4:59 | Construir | House |
| 5:07 | Crear | Villager (Male) |
| 5:26 | Construir | Barracks |
| 6:02 | Crear | Villager (Male) |
| 6:29 | Construir | Mill |
| 6:33 | Crear | Villager (Male) |
| 7:00 | Investigar | Feudal Age |
| 7:00 | Investigar | Feudal Age |
| 7:12 | Crear | Militia |
| 7:12 | Crear | Militia |
| 7:29 | Crear | Militia |
| 7:29 | Crear | Militia |
| 7:31 | Construir | House |
| 7:36 | Construir | Mining Camp |
| 8:05 | Crear | Militia |
| 8:05 | Crear | Militia |
| 8:32 | Crear | Militia |
| 8:53 | Crear | Villager (Male) |
| 9:10 | Edad | Edad Feudal |
| 9:13 | Construir | Archery Range |
| 9:15 | Investigar | Man-at-Arms (upgrade) |
| 9:26 | Investigar | Double-Bit Axe |
| 9:26 | Investigar | Double-Bit Axe |
| 9:30 | Crear | Villager (Male) |
| 9:40 | Construir | House |
| 10:02 | Construir | Farm |
| 10:05 | Crear | Villager (Male) |
| 10:07 | Crear | Archer |
| 10:22 | Construir | Farm |
| 10:25 | Crear | Archer |
| 10:31 | Construir | Farm |
| 10:33 | Crear | Villager (Male) |
| 10:33 | Crear | Villager (Male) |
| 10:57 | Crear | Villager (Male) |
| 11:00 | Crear | Archer |
| 11:03 | Construir | House |
| 11:18 | Crear | Villager (Male) |
| 11:19 | Construir | Farm |
| 11:22 | Construir | Farm |
| 11:24 | Construir | House |
| 11:39 | Construir | Farm |
| 11:43 | Crear | Villager (Male) |
| 11:43 | Crear | Villager (Male) |
| 11:45 | Construir | Farm |
| 11:54 | Investigar | Arson |
| 11:55 | Investigar | Arson |
| 11:58 | Crear | Archer |
| 12:05 | Construir | Farm |
| 12:21 | Crear | Villager (Male) |
| 12:22 | Crear | Villager (Male) |
| 12:27 | Crear | Archer |
| 12:35 | Crear | Villager (Male) |
| 12:35 | Crear | Villager (Male) |
| 12:47 | Construir | Blacksmith |
| 12:50 | Crear | Archer |
| 13:07 | Crear | Villager (Male) |
| 13:10 | Crear | Archer |
| 13:16 | Construir | Farm |
| 13:19 | Construir | House |
| 13:26 | Construir | Palisade Wall |
| 13:27 | Construir | Palisade Wall |
| 13:31 | Investigar | Fletching |
| 13:31 | Investigar | Fletching |
| 13:33 | Crear | Villager (Male) |
| 13:34 | Crear | Villager (Male) |
| 13:45 | Construir | Farm |
| 13:47 | Crear | Archer |
| 13:51 | Crear | Villager (Male) |
| 13:56 | Construir | Outpost |
| 13:59 | Construir | Outpost |
| 14:29 | Crear | Villager (Male) |
| 14:34 | Construir | Outpost |
| 14:38 | Investigar | Town Watch |
| 14:38 | Investigar | Town Watch |
| 14:49 | Construir | Stable |
| 14:52 | Crear | Villager (Male) |
| 15:13 | Construir | Farm |
| 15:16 | Crear | Villager (Male) |
| 15:18 | Construir | Farm |
| 15:33 | Crear | Scout Cavalry |
| 15:37 | Crear | Villager (Male) |
| 15:50 | Crear | Scout Cavalry |
| 16:01 | Construir | House |
| 16:04 | Construir | House |
| 16:05 | Construir | House |
| 16:14 | Crear | Scout Cavalry |
| 16:17 | Crear | Villager (Male) |
| 16:24 | Construir | Stable |
| 16:37 | Crear | Scout Cavalry |
| 16:54 | Crear | Scout Cavalry |
| 17:01 | Crear | Villager (Male) |
| 17:03 | Crear | Scout Cavalry |
| 17:09 | Construir | Farm |
| 17:10 | Construir | Farm |
| 17:13 | Construir | Farm |
| 17:16 | Crear | Scout Cavalry |
| 17:20 | Crear | Villager (Male) |
| 17:22 | Construir | Farm |
| 17:23 | Construir | Farm |
| 17:26 | Crear | Scout Cavalry |
| 17:33 | Crear | Villager (Male) |
| 17:34 | Construir | Farm |
| 17:38 | Construir | Farm |
| 17:39 | Construir | Farm |
| 17:40 | Construir | Farm |
| 17:45 | Construir | House |
| 17:48 | Construir | Farm |
| 17:53 | Crear | Scout Cavalry |
| 17:54 | Crear | Villager (Male) |
| 17:58 | Crear | Scout Cavalry |
| 18:12 | Crear | Villager (Male) |
| 18:13 | Construir | Farm |
| 18:14 | Construir | Farm |
| 18:21 | Crear | Scout Cavalry |
| 18:22 | Crear | Scout Cavalry |
| 18:26 | Construir | Farm |
| 18:28 | Construir | House |
| 18:41 | Crear | Scout Cavalry |
| 18:55 | Crear | Scout Cavalry |
| 18:58 | Crear | Scout Cavalry |
| 19:06 | Construir | Farm |
| 19:07 | Construir | Mill |
| 19:08 | Construir | Farm |
| 19:09 | Crear | Scout Cavalry |
| 19:14 | Crear | Villager (Male) |
| 19:18 | Crear | Scout Cavalry |
| 19:21 | Construir | House |
| 19:22 | Construir | Palisade Wall |
| 19:26 | Crear | Scout Cavalry |
| 19:33 | Construir | Farm |
| 19:40 | Crear | Villager (Male) |
Cronología de la partida
| 4:37 | Dr. Wiley!!! · wall_segment Palisade Wall x19 |
| 4:50 | Dr. Wiley!!! · wall_segment Palisade Wall x4 |
| 5:26 | TAG_Sitaux · first_building Barracks |
| 6:12 | Dr. Wiley!!! · wall_segment Palisade Wall x7 |
| 6:17 | Dr. Wiley!!! · wall_segment Palisade Wall x8 |
| 7:13 | Dr. Wiley!!! · wall_segment Palisade Wall x1 |
| 7:17 | Dr. Wiley!!! · wall_segment Palisade Wall x5 |
| 9:10 | TAG_Sitaux · age_up feudal |
| 9:13 | TAG_Sitaux · first_building Archery Range |
| 10:31 | Dr. Wiley!!! · age_up feudal |
| 11:05 | Dr. Wiley!!! · wall_segment Palisade Wall x1 |
| 11:06 | Dr. Wiley!!! · wall_segment Palisade Wall x1 |
| 11:45 | Dr. Wiley!!! · first_market_sell 100 stone |
| 12:14 | Dr. Wiley!!! · wall_segment Palisade Wall x1 |
| 12:50 | Dr. Wiley!!! · wall_segment Palisade Wall x1 |
| 13:26 | TAG_Sitaux · wall_segment Palisade Wall x9 |
| 13:27 | TAG_Sitaux · wall_segment Palisade Wall x5 |
| 14:34 | Dr. Wiley!!! · age_up castle |
| 14:36 | Dr. Wiley!!! · first_building Monastery |
| 14:49 | TAG_Sitaux · first_building Stable |
| 19:22 | TAG_Sitaux · wall_segment Palisade Wall x4 |
| 20:47 | Dr. Wiley!!! · first_building Barracks |
| 22:37 | Dr. Wiley!!! · wall_segment Palisade Wall x8 |
| 22:40 | Dr. Wiley!!! · wall_segment Palisade Wall x4 |
| 28:32 | Dr. Wiley!!! · first_building Castle |
| 28:52 | Dr. Wiley!!! · resign |
[ ANÁLISIS IA · 1 CRÉDITO ]
¿Qué pasó realmente en esta partida?
Wolo.gg analiza cada decisión: build order, eco, micro, errores típicos por bracket. Análisis personalizado por WhatsApp o Discord en 30 segundos.
Guía civ
Bengalíes
Perfil
Red Phosphoru (Dr. Wiley!!!)